 Dungeon Crawl Stone Soup version 0.23.2-40-g277498a001 (webtiles) character file.

Game seed: 1166420233341683072

219 Gandalf the Covered (level 5, -13/32 HPs)
             Began as a Gargoyle Fighter on Sept 19, 2019.
             Killed by divine providence
             ... invoked by an orc priest
              (16 damage)
             ... on level 4 of the Dungeon.
             The game lasted 00:02:30 (1312 turns).

Gandalf the Covered (Gargoyle Fighter)              Turns: 1312, Time: 00:02:40

Health: -13/32     AC: 11    Str: 20    XL:     5   Next: 96%
Magic:  5/5        EV:  7    Int:  9    God:
Gold:   112        SH:  9    Dex: 11    Spells: 4/4 levels left

rFire    + . .     SeeInvis .   a - +0 flail
rCold    + . .     Gourm    .   c - +0 shield
rNeg     + . .     Faith    .   b - +0 scale mail
rPois    ∞         Spirit   .   (helmet restricted)
rElec    +         Reflect  .   (no cloak)
rCorr    +         Harm     .   (no gloves)
MR       .....                  (no boots)
Stlth    ..........             (no amulet)
HPRegen  0.10/turn              (no ring)
MPRegen  0.09/turn              (no ring)

@: resistant
A: antennae 1, big wings, agile 1, negative energy resistance 1, electricity
resistance, unbreathing, petrification resistance, rot immunity, AC +4
a: Fly


You were on level 4 of the Dungeon.
You were hungry.

You visited 1 branch of the dungeon, and saw 3 of its levels.

You collected 112 gold pieces.

Inventory:

Hand Weapons
 a - a +0 flail (weapon)
Armour
 b - a +0 scale mail (worn)
 c - a +0 shield (worn)
 o - a +0 helmet
Jewellery
 p - an uncursed ring of poison resistance {unknown}
Scrolls
 e - a scroll of magic mapping {unknown}
 g - 2 scrolls of blinking {unknown}
 j - 2 scrolls of identify {unknown}
 l - a scroll of enchant armour {unknown}
 m - a scroll of teleportation {unknown}
 n - a scroll of fear {unknown}
Potions
 d - a potion of might
 i - a potion of mutation
 k - 2 potions of invisibility {unknown}
 q - a potion of brilliance {unknown}
Comestibles
 f - 3 rations
 r - a chunk of flesh


   Skills:
 + Level 3.6 Fighting
 * Level 4.3 Maces & Flails
 * Level 4.7 Armour
 + Level 0.9 Dodging
 + Level 3.8 Shields


You had 4 spell levels left.
You didn't know any spells.
Your spell library was empty.

Dungeon Overview and Level Annotations

Branches:
Dungeon (2/15)

Altars:
Ashenzari


Innate Abilities, Weirdness & Mutations

You are resistant to torment.
Your stone body is resilient. (AC +4)
You are immune to poison.
You resist negative energy. (rN+)
You are resistant to electric shocks. (rElec)
You can survive without breathing.
You are immune to petrification.
You are immune to rotting.
You have a pair of small antennae on your head.
Your large and strong wings let you fly indefinitely.
You are agile. (Dex +2)


Message History

You closely miss the orc.
The orc is lightly wounded.
The orc hits you.
* * * LOW HITPOINT WARNING * * *
Unknown command.
It was a potion of resistance.
You feel protected. The orc hits you but does no damage.
Your shield and scale mail prevent you from hitting the orc.
The orc is lightly wounded.
The orc hits you but does no damage. You block the orc's attack.
Unknown command.
It was a potion of mutation.
You feel extremely strange. A pair of antennae grows on your head!
Your +0 helmet falls away!
You feel agile.
Your wings grow larger and stronger.
The orc priest invokes the aid of Beogh against you.
Beogh smites you!
Ouch! That really hurt!
You die...

. ### #.# .. ..# #.#
#. #.# #.# .##. #.#
#.# ###### ..... #@#
#.# #.....
#...####o#####.#
#.####
#...)...o....[.#####.#
###.............÷....#
#...####.#############
#.## #.# .. #.# .# #.#
#$#


You could see an orc priest and an orc.

Vanquished Creatures
  Eustachio (D:4)
  Natasha (D:2)
  An iguana (D:4)
  An ooze (D:1)
  An adder skeleton (D:4)
  A dart slug (D:1)
  An orc (D:4)
  A ball python (D:1)
  3 giant cockroaches
  3 goblins (D:1)
  5 hobgoblins
  4 bats
  A frilled lizard (D:1)
  2 kobolds (D:1)
  5 rats
31 creatures vanquished.

Notes
Turn   | Place    | Note
-------+----------+-------------------------------------------
     0 | D:1      | Gandalf the Gargoyle Fighter began the quest for the Orb.
     0 | D:1      | Reached XP level 1. HP: 14/14 MP: 1/1
   334 | D:1      | Reached XP level 2. HP: 19/19 MP: 2/2
   450 | D:1      | Reached XP level 3. HP: 23/23 MP: 3/3
   954 | D:2      | Noticed Natasha
   961 | D:2      | Killed Natasha
   996 | D:2      | Found a shattered altar of Ashenzari.
  1018 | D:2      | Reached XP level 4. HP: 27/28 MP: 4/4
  1045 | D:2      | You fall through a shaft for 2 floors!
  1045 | D:4      | Noticed Eustachio
  1059 | D:4      | Killed Eustachio
  1059 | D:4      | Reached XP level 5. HP: 18/32 MP: 5/5
  1312 | D:4      | Gained mutation: You have a pair of small antennae on your
                  | head. [potion of mutation]
  1312 | D:4      | Gained mutation: You are agile. (Dex +2) [potion of
                  | mutation]
  1312 | D:4      | Gained mutation: Your large and strong wings let you fly
                  | indefinitely. [potion of mutation]
  1312 | D:4      | Killed from afar by an orc priest

Skill      XL: |  1  2  3  4 |
---------------+-------------+-----
Armour         | 4 |  4.7
Maces & Flails | 3 4 |  4.3
Fighting       | |  3.6
Dodging        | |  0.9
Shields        | |  3.8

Action                   |  1- 3 |  4- 6 || total
-------------------------+-------+-------++-------
Melee: Flail             |    94 |    32 ||   126
  Use: Potion            |       |     2 ||     2
  Eat: Chunk             |       |     1 ||     1
Armor: Scale mail        |    50 |    22 ||    72
Dodge: Dodged            |    27 |    16 ||    43
Block: Shield            |    40 |    16 ||    56
